 Dungeon Crawl Stone Soup version 0.29-a0-1019-g84f7d21838 (webtiles) character file.

Game seed: 16259565593397632658

109 jlumianski the Chopper (level 4, -1/34 HPs)
             Began as a Demonspawn Gladiator on Aug 11, 2022.
             Slain by an iguana (3 damage)
             ... on level 3 of the Dungeon.
             The game lasted 00:11:39 (3381 turns).

jlumianski the Chopper (Demonspawn Gladiator)       Turns: 3381, Time: 00:11:39

Health: -1/34      AC:  7    Str: 17    XL:     4   Next: 60%
Magic:  4/4        EV: 12    Int:  9    God:
Gold:   222        SH:  0    Dex: 14    Spells: 3/3 levels left

rFire   + . .      SeeInvis .   a - +0 war axe
rCold   . . .      Faith    .   (no shield)
rNeg    + . .      Spirit   .   j - +2 leather armour {rF+}
rPois   .          Reflect  .   c - +0 helmet
rElec   .          Harm     .   (no cloak)
rCorr   .          Rampage  .   (no gloves)
Will    .....                   m - +0 pair of boots
Stlth   +.........              (no amulet)
HPRegen 0.11/turn               u - ring of positive energy
MPRegen 0.09/turn               (no ring)

@: no status effects
A: hooves 1, demonic magic 1
a: no special abilities


You were on level 3 of the Dungeon.
You visited 1 branch of the dungeon, and saw 5 of its levels.

You collected 222 gold pieces.

Inventory:

Hand Weapons
 a - a +0 war axe (weapon)
 k - a +0 dagger of protection
Missiles
 d - 3 throwing nets (quivered)
 e - a javelin
 g - 23 stones
 i - 5 poisoned darts
Armour
 b - a +0 leather armour
 c - a +0 helmet (worn)
 j - a +2 leather armour of fire resistance (worn)
 m - a +0 pair of boots (worn)
 v - an orb of energy
Jewellery
 l - an amulet of faith
 u - a ring of positive energy (left hand)
Wands
 o - a wand of acid (2)
Scrolls
 p - a scroll of enchant weapon
 r - a scroll of noise
 s - a scroll of amnesia
Potions
 f - a potion of might
 h - a potion of ambrosia
 q - a potion of attraction
 t - a potion of heal wounds {unknown}


   Skills:
 + Level 2.3 Fighting
 + Level 3.9 Axes
 + Level 1.8 Throwing
 + Level 0.9 Armour
 + Level 3.2 Dodging
 + Level 1.0 Stealth


You had 3 spell levels left.
You didn't know any spells.
Your spell library contained the following spells:

 Spells                   Type           Power      Damage    Failure   Level
 Tukima's Dance           Hex            0%         N/A       82%         3
 Airstrike                Air            0%         2d(0-16)  99%         4
 Passage of Golubria      Tloc           0%         N/A       99%         4
 Summon Lightning Spire   Summ/Air       0%         N/A       99%         4
 Lightning Bolt           Conj/Air       0%         1d11      100%        5
 Yara's Violent Unravell  Hex/Tmut       0%         3d3       100%        5


Dungeon Overview and Level Annotations

Branches:
Dungeon (5/15)
 Temple: D:4-7

Altars:
Nemelex Xobeh
Yredelemnul

Annotations:
D:5 Sigmund


Innate Abilities, Weirdness & Mutations

You have large cloven feet.
Spells you cast may paralyse adjacent enemies.


Message History

The dart slug bites you.
You slash the dart slug!
You kill the dart slug!
Found an escape hatch in the floor.
Found 2 stones.
You now have 222 gold pieces (gained 13).
There is a stone staircase leading up here.
g - 23 stones (gained 6)
You hear the rapid rusting of a drain nearby.
A kobold comes into view. It is wielding a +0 whip.
The kobold shouts!
An iguana comes into view.
The kobold barely misses you.
A kobold comes into view. It is wielding a +0 short sword.
The kobold shouts!
You slash the kobold!
You kill the kobold!
An orc comes into view. It is wielding a +0 short sword.
The iguana bites you.
Things that are here:
a +0 whip; a stone; a kobold corpse You closely miss the iguana.
The iguana barely misses you. The iguana bites you!
The iguana attacks as you move away! The iguana bites you!
You hear the drain falling apart.
The iguana attacks as you move away! The iguana barely misses you.
The iguana attacks as you move away! The iguana closely misses you.
The iguana attacks as you move away! The iguana bites you!
* * * LOW HITPOINT WARNING * * *
The iguana attacks as you move away! The iguana bites you.
* * * LOW HITPOINT WARNING * * *
There is a stone staircase leading up here.
The iguana barely misses you.
You climb upwards.
There is a stone staircase leading down here.
Cleave: a) +0 war axe
Press: ? - help, Dir - move target, f - iguana
Aim: an iguana (about 39% to evade your +0 war axe)
You barely miss the iguana. The iguana bites you.
You die...

#.##.....^.##....
####.##.##...####.##
####....##)# .## #.##
#.......##.###### ##.÷÷
#.##.##.##......###..##
#####.##.##.#.#<....##..##†
#......#.....###.....#..#÷.
###.#.......l.##
##...##..##.
.........###@## ##..#÷.###.
###...........##
##..###÷.###
#.........##.###....###..##
#......#..##.[#.......##...
##...........#.##...#######
.<.........######...# #...
...##..#....######..)###.##
....
#..#....#..)..........##
...
....#....................


You could see an iguana.

Vanquished Creatures
  An iguana (D:5)
  A shadow imp (D:5)
  4 worms
  3 dart slugs
  8 orcs
  4 bats
  2 endoplasms (D:1)
  A giant cockroach (D:2)
  A goblin (D:1)
  7 hobgoblins
  2 jackals (D:1)
  2 quokkas
  3 ball pythons
  5 frilled lizards
  2 kobolds
  5 rats
51 creatures vanquished.

Vanquished Creatures (others)
  2 plants (D:5)
2 creatures vanquished.

Grand Total: 53 creatures vanquished

Notes
Turn   | Place    | Note
-------+----------+-------------------------------------------
     0 | D:1      | jlumianski the Demonspawn Gladiator began the quest for the
                  | Orb.
     0 | D:1      | Reached XP level 1. HP: 16/16 MP: 1/1
   509 | D:1      | Gained mutation: Spells you cast may paralyse adjacent
                  | enemies. [demonic ancestry]
   509 | D:1      | Reached XP level 2. HP: 21/22 MP: 2/2
   590 | D:1      | Found a faded altar of an unknown god.
  1603 | D:2      | Gained mutation: You have large cloven feet. [demonic
                  | ancestry]
  1603 | D:2      | Reached XP level 3. HP: 22/27 MP: 3/3
  1802 | D:2      | Found a sparkling altar of Nemelex Xobeh.
  2555 | D:3      | You fall into a shaft and drop 2 floors!
  2555 | D:5      | Entered Level 5 of the Dungeon
  2629 | D:5      | Reached XP level 4. HP: 21/33 MP: 4/4
  2738 | D:5      | Noticed Sigmund
  2821 | D:4      | Found a basalt altar of Yredelemnul.
  2842 | D:4      | Noticed a scorpion
  2844 | D:4      | Noticed a scorpion
  2919 | D:4      | Reached skill level 1 in Stealth
  3378 | D:4      | HP: 1/34 [iguana (6)]
  3381 | D:3      | Slain by an iguana

Illustrated notes

Levels and vault maps discovered:
D:1:      dpeg_arrival_simpleton_a, layout_basic,
          nicolae_ecumenical_lake_church, palyth_stone_intersect
D:2:      layout_basic, basic_altar
D:3:      layout_loops_cross, wander_ebering_terrifying_dragon_lair
D:4:      layout_cave_pools, mainiacjoe_overflow_alcove_4, lemuel_doored_altar,
          mainiacjoe_overflow_brackets, nicolae_overflow_hidden_temple,
          gup_sewer_entry_glass, minivault_27
D:5:      nicolae_BIG_FREAKIN_CUBE, layout_rooms,
          riverfiend_overflow_shadow_ancestor, mainiacjoe_overflow_paths,
          grunt_ashenzari_visionary [grunt_ashenzari_visionary_shoals,
          grunt_ashenzari_visionary_spider], serial_shops, shop,
          sigmund_edmund_badplayer

Skill      XL: |  1  2  3  4 |
---------------+-------------+-----
Dodging        | 3 |  3.2
Axes           | 3 |  3.9
Stealth        | 1 |  1.0
Fighting       | |  2.3
Throwing       | |  1.8
Armour         | |  0.9

Action                   |  1- 3 |  4- 6 || total
-------------------------+-------+-------++-------
Melee: War axe           |   107 |    30 ||   137
       Punch             |       |     2 ||     2
Throw: Throwing net      |       |     1 ||     1
  Use: Scroll            |     5 |     2 ||     7
       Potion            |     3 |     2 ||     5
 Stab: Sleeping          |     2 |     1 ||     3
Armor: Leather armour    |    42 |    12 ||    54
Dodge: Dodged            |    60 |    23 ||    83

Table legend: (Time is in decaauts)
 A = Elapsed time spent in this place.
 B = Non-inter-level travel time spent in this place.
 C = Inter-level travel time spent in this place.
 D = Time resting spent in this place.
 E = Time spent auto-exploring this place.
 F = Levels seen in this place.
 G = Mean time per level.
                   A        B        C        D        E       F      G
               +--------+--------+--------+--------+--------+-----+--------+
         Total |   3433 |   3386 |     47 |    112 |   2022 |   5 |  686.6 |
       Dungeon |   3433 |   3386 |     47 |    112 |   2022 |   5 |  686.6 |
               +--------+--------+--------+--------+--------+-----+--------+

Top non-repeatable levels by time:
     D:1: 1309 daAuts
     D:2: 1206 daAuts
     D:3: 487 daAuts
     D:4: 215 daAuts
     D:5: 214 daAuts
